 Dungeon Crawl Stone Soup version 0.17-a0-1430-g49fde19 (webtiles) character file.

61 urechis the Sneak (level 4, -4/24 HPs)
             Began as a Vine Stalker Monk on June 25, 2015.
             Killed from afar by an orc wizard (7 damage)
             ... with a magic dart
             ... on level 3 of the Dungeon.
             The game lasted 00:01:44 (1283 turns).

urechis the Sneak (Vine Stalker Monk)               Turns: 1283, Time: 00:01:44

Health: -4/24      AC:  3    Str: 14    XL:     4   Next: 7%
Magic:  0/5        EV: 12    Int: 10    God:
Gold:   78         SH:  0    Dex: 17    Spells: 0 memorised, 3 levels left

rFire  . . .     SeeInvis .       - Unarmed
rCold  . . .     Clarity  .     f - +0 leather armour
rNeg   + . .     SustAt   .     (no shield)
rPois  .         Gourm    .     (no helmet)
rElec  .         Spirit   +     (no cloak)
rCorr  .         Warding  +     (no gloves)
rMut   .         Stasis   .     (no boots)
MR     .....                    c - amulet of warding
Stlth  +++.......               (no ring)
                                (no ring)

@: not resistant to hostile enchantments, fairly stealthy
A: fangs 2, regeneration 1, magic shield, antimagic bite, no device heal 3, rot
immunity
a: no special abilities


You were on level 3 of the Dungeon.
You were not hungry.

You visited 1 branch of the dungeon, and saw 3 of its levels.

You collected 78 gold pieces.

Inventory:

Armour
 f - a +0 leather armour (worn)
Jewellery
 a - an uncursed amulet of regeneration {unknown}
 c - an amulet of warding (around neck)
Scrolls
 e - 2 scrolls of fog {unknown}
 i - a scroll of remove curse {unknown}
 j - a scroll of recharging {unknown}
 k - a scroll of identify {unknown}
 l - a scroll of teleportation {unknown}
 m - a scroll of blinking {unknown}
Comestibles
 b - 2 bread rations
 d - 2 slices of pizza
 g - 2 beef jerkies
 h - a meat ration
 n - a chunk of flesh


   Skills:
 + Level 3.1 Fighting
 - Level 2.4 Dodging
 * Level 4.4 Stealth
 + Level 4.3 Unarmed Combat


You had 3 spell levels left.
You didn't know any spells.

Dungeon Overview and Level Annotations

Branches:
Dungeon (3/15)

Altars:
Xom
Zin


Innate Abilities, Weirdness & Mutations

You have extremely sharp teeth.
Your natural rate of healing is unusually fast.
When hurt, damage is shared between your health and your magic reserves.
Your bite disrupts and absorbs the magic of your enemies.
Potions and wands cannot restore your health.
You are immune to rotting.


Message History

The orc barely misses you. The orc hits you.
You hit the orc wizard but do no damage.
Your bite misses the orc wizard. The orc wizard misses you.
The orc hits you with a flail of protection.
The orc wizard hits you with a dagger.
* * * LOW HITPOINT WARNING * * *
The orc closely misses you.
You are too injured to fight recklessly!
You are too injured to fight recklessly!
You are too injured to fight recklessly!
You are too injured to fight recklessly!
You are too injured to fight recklessly!
The orc wizard hits you with a dagger.
* * * LOW HITPOINT WARNING * * *
The orc wizard hits you with a dagger.
* * * LOW HITPOINT WARNING * * *
The orc priest's eyes start to glow.
A magic dart appears from out of thin air!
The magic dart hits you!
You die...

################
#...............#
#.######.#####..# #.#
#.# ###..#
#.######.##......
#.##..@.oooo.#$.#
#####.##.###.o......#
#...........)#...#..#
#..#####.###(.......#
#..# #.# #........#
#..#####.# ####.#####
#.....##.# +#
#.###.##.# #<###.##.#


You could see an orc priest, an orc wizard and 3 orcs.

Vanquished Creatures
  3 adders
  An ooze (D:1)
  A giant gecko (D:1)
  3 bats
  A goblin (D:2)
  6 hobgoblins
  2 jackals (D:1)
  2 kobolds (D:1)
  4 giant newts
  7 rats
30 creatures vanquished.

Notes
Turn   | Place    | Note
--------------------------------------------------------------
     0 | D:1      | urechis the Vine Stalker Monk began the quest for the Orb.
     0 | D:1      | Reached XP level 1. HP: 11/11 MP: 2/2
    75 | D:1      | Reached XP level 2. HP: 16/16 MP: 3/3
   336 | D:1      | Reached XP level 3. HP: 17/19 MP: 2/4
   536 | D:2      | Found a shimmering altar of Xom.
   596 | D:2      | Found a glowing silver altar of Zin.
  1229 | D:3      | Reached XP level 4. HP: 21/24 MP: 5/5
  1283 | D:3      | Killed from afar by an orc wizard

Vault maps used:
D:1:      eino_arrival_cavern_a
D:2:      lemuel_crystal_altar, overflow_temple_1_default, serial_park_tiny_2,
          minmay_misc_feat_cross, due_unseen_surprise
D:3:      serial_park_tiny_pond

Action                   |  1- 3 |  4- 6 || total
-------------------------+-------+-------++-------
Melee: Unarmed           |    97 |    10 ||   107
 Stab: Sleeping          |     6 |       ||     6
  Eat: Chunk             |       |     1 ||     1
